 Dungeon Crawl Stone Soup version 0.23.2-1-ga50397a6bc (webtiles) character file.

Game seed: 17118408705549574440

171 Mrkan the Sneak (level 5, -2/36 HPs)
             Began as a Ghoul Assassin on May 20, 2019.
             Was an Initiate of Hepliaklqana.
             Slain by an ogre
             ... wielding a +0 giant club
              (24 damage)
             ... on level 4 of the Dungeon.
             The game lasted 00:09:07 (3294 turns).

Mrkan the Sneak (Ghoul Assassin)                    Turns: 3294, Time: 00:09:07

Health: -2/36      AC: 10    Str: 15    XL:     5   Next: 51%
Magic:  4/4        EV:  6    Int:  6    God:    Hepliaklqana [......]
Gold:   129        SH:  0    Dex: 11    Spells: 4/4 levels left

rFire    . . .     SeeInvis .   a - +2 dagger
rCold    + . .     Gourm    .   (no shield)
rNeg     + + +     Faith    .   u - +0 chain mail
rPois    ∞         Spirit   .   (no helmet)
rElec    .         Reflect  .   d - +0 cloak
rCorr    .         Harm     .   (no gloves)
MR       .....                  t - +0 pair of boots
Stlth    ..........             (no amulet)
HPRegen  0.00/turn              (no ring)
MPRegen  0.09/turn              (no ring)

@: rotting
A: rotting body, reduced essence, claws 1, carnivore, cold resistance 1,
negative energy resistance 3, inhibited regeneration, torment resistance,
unbreathing
a: Recall Ancestor, Ancestor Identity, Renounce Religion


You were on level 4 of the Dungeon.
You worshipped Hepliaklqana.
Hepliaklqana was noncommittal.
You were not hungry.

You visited 1 branch of the dungeon, and saw 4 of its levels.

You collected 129 gold pieces.

Inventory:

Hand Weapons
 a - a +2 dagger (weapon)
 b - a +0 blowgun
Missiles
 e - 17 poisoned needles
 f - 2 curare-tipped needles
 l - 97 stones (quivered)
Armour
 d - a +0 cloak (worn)
 t - a +0 pair of boots (worn)
 u - a +0 chain mail (worn)
 y - a scarf of cloud immunity
Jewellery
 n - a +6 ring of evasion {unknown}
 v - an uncursed amulet of the acrobat {unknown}
 B - a cursed ring of teleportation {unknown}
 C - an uncursed ring of protection from fire
 D - an uncursed ring of magical power {unknown}
 J - an uncursed ring of see invisible {unknown}
Scrolls
 c - a scroll of enchant weapon {unknown}
 h - 3 scrolls of remove curse {unknown}
 i - 4 scrolls of fog {unknown}
 j - 3 scrolls of identify {unknown}
 m - 3 scrolls of fear {unknown}
 o - 2 scrolls of enchant armour {unknown}
 p - 2 scrolls of magic mapping {unknown}
 q - 2 scrolls of amnesia {unknown}
 r - 2 scrolls of blinking {unknown}
 x - a scroll of teleportation {unknown}
 G - a scroll of noise {unknown}
Potions
 k - 4 potions of heal wounds {unknown}
 s - a potion of curing {unknown}
 w - a potion of haste {unknown}
 z - 2 potions of flight {unknown}
 A - a potion of cancellation {unknown}
 E - 2 potions of brilliance {unknown}
 F - a potion of degeneration {unknown}
 H - a potion of mutation {unknown}
 I - a potion of lignification {unknown}
Comestibles
 g - 14 rations


   Skills:
 - Level 2.1 Fighting
 + Level 2.9 Short Blades
 - Level 2.6 Throwing
 - Level 2.1 Dodging
 * Level 5.5 Stealth
 + Level 0.9 Invocations


You had 4 spell levels left.
You didn't know any spells.
Your spell library was empty.

Dungeon Overview and Level Annotations

Branches:
Dungeon (4/15)             Temple (0/1) D:4

Altars:
Hepliaklqana
Okawaru


Innate Abilities, Weirdness & Mutations

Your body is rotting away.
You thrive on raw meat.
You are immune to poison.
You have sharp fingernails.
You are carnivorous and can eat meat at any time.
Your flesh is cold resistant. (rC+)
You are immune to negative energy. (rN+++)
You do not regenerate when monsters are visible.
You are immune to unholy pain and torment.
You can survive without breathing.
Your life essence is reduced to manifest your ancestor. (-10% HP)


Message History

The hound skeleton is moderately damaged.
The hound skeleton bites you.
You hit the hound skeleton.
The hound skeleton is heavily damaged.
The hound skeleton completely misses you.
You hit the hound skeleton.
The hound skeleton is severely damaged.
The hound skeleton bites you but does no damage.
You hit the hound skeleton.
The hound skeleton is almost destroyed.
The hound skeleton barely misses you.
You hit the hound skeleton.
You destroy the hound skeleton!
Throwing (i - inventory)
l - 98 stones (quivered)
Press: ? - help, Shift-Dir - straight line, f/p - ogre
Aim: an ogre, wielding a +0 giant club (severely wounded)
You throw a stone. The stone barely misses the ogre.
The ogre hits you with a +0 giant club!!
Ouch! That really hurt!
You die...

#.......................
################..##...#
######......<#
#.^.....###... #.....(.#
#... #####..#'#..# ##..
#(((...+_+..###...
#O###..#+#...##... ###@#
#........##... #...#
#........##... #...#
#........###.. #...#
#............. #...#
####.......#.# #...#
#.......# # #...#
#.......#.# ###.#
#.......#.. #.#
#.......###


You could see an ogre.

Vanquished Creatures
  An orc wizard (D:3)
  A hound skeleton (D:4)
  An adder (D:2)
  An ooze (D:3)
  3 worms
  A dart slug (D:2)
  A leopard gecko (D:1)
  9 orcs
  3 giant cockroaches
  6 goblins
  7 hobgoblins
  10 jackals
  A quokka (D:3)
  A ball python (D:3)
  6 bats
  4 frilled lizards
  4 kobolds
  9 rats
69 creatures vanquished.

Vanquished Creatures (collateral kills)
  A hound (D:4)
1 creature vanquished.

Vanquished Creatures (others)
  An ancestor (D:4)
1 creature vanquished.

Grand Total: 71 creatures vanquished

Notes
Turn   | Place    | Note
-------+----------+-------------------------------------------
     0 | D:1      | Mrkan the Ghoul Assassin began the quest for the Orb.
     0 | D:1      | Reached XP level 1. HP: 17/17 MP: 0/0
   107 | D:1      | Reached skill level 1 in Dodging
   152 | D:1      | Reached XP level 2. HP: 15/24 MP: 1/1
   874 | D:1      | Reached XP level 3. HP: 28/28 MP: 2/2
  1910 | D:2      | Reached XP level 4. HP: 36/36 MP: 3/3
  2010 | D:3      | Found a hazy altar of Hepliaklqana.
  2141 | D:3      | Reached skill level 5 in Stealth
  2397 | D:3      | Reached XP level 5. HP: 34/41 MP: 4/4
  2875 | D:3      | Became a worshipper of Hepliaklqana the Forgotten
  3091 | D:4      | Found a staircase to the Ecumenical Temple.
  3238 | D:4      | Found an iron altar of Okawaru.
  3249 | D:4      | Noticed an ogre
  3294 | D:4      | Slain by an ogre

Skill      XL: |  1  2  3  4 |
---------------+-------------+-----
Dodging        | 1 2 |  2.1
Short Blades   | 2 |  2.9
Throwing       | 2 |  2.6
Stealth        | 5 |  5.5
Fighting       | |  2.1
Invocations    | |  0.9

Action                   |  1- 3 |  4- 6 || total
-------------------------+-------+-------++-------
Melee: Dagger            |   139 |   165 ||   304
 Fire: Blowgun           |       |     4 ||     4
Throw: Stone             |    26 |    39 ||    65
Invok: Ancestor Identity |       |     1 ||     1
 Stab: Sleeping          |     7 |       ||     7
       Distracted        |       |     1 ||     1
  Eat: Chunk             |     9 |    11 ||    20
Armor: Robe              |    12 |       ||    12
       Chain mail        |    63 |    79 ||   142
Dodge: Dodged            |    52 |    34 ||    86
